 Dungeon Crawl Stone Soup version 0.27-a0-1065-ge809cff456 (webtiles) character file.

Game seed: 10345682606661947106

84 kae the Ruffian (level 4, -1/54 HPs)
             Began as a Draconian Transmuter on Apr 22, 2021.
             Slain by a wyvern (6 damage)
             ... on level 3 of the Dungeon.
             The game lasted 00:01:16 (2989 turns).

kae the Ruffian (Draconian Transmuter)              Turns: 2989, Time: 00:01:16

Health: -1/54      AC: 22    Str: 13    XL:     4   Next: 23%
Magic:  4/7        EV:  2    Int: 13    God:
Gold:   127        SH:  0    Dex: 12    Spells: 3/7 levels left

rFire    . . .     SeeInvis .     - Unarmed
rCold    . . .     Faith    .   (no shield)
rNeg     + + +     Spirit   .   (armour unavailable)
rPois    +         Reflect  .   (helmet currently unavailable)
rElec    .         Harm     .   (cloak currently unavailable)
rCorr    .         Rampage  .   (gloves currently unavailable)
Will     .....     NoTele   +   (boots currently unavailable)
Stlth    +.........             (no amulet)
HPRegen  0.18/turn              (no ring)
MPRegen  0.10/turn              (no ring)

@: lethally poisoned (-1 -> -3), tree-form, very slightly contaminated
A: stationary, stasis, torment immunity, boosted hp, AC +5, unfitting armour,
(cold-blooded)
a: no special abilities


You were on level 3 of the Dungeon.
You were a tree.
You visited 1 branch of the dungeon, and saw 3 of its levels.

You collected 127 gold pieces.

Inventory:

Jewellery
 c - a ring of willpower
 d - a ring of wizardry
Wands
 e - a wand of polymorph (10)
Scrolls
 f - a scroll of vulnerability
 g - a scroll of blinking {unknown}
Potions
 a - a potion of lignification
 b - a potion of brilliance
 h - a potion of magic {unknown}


   Skills:
 + Level 1.8 Fighting
 + Level 2.1 Dodging
 * Level 3.9 Unarmed Combat
 + Level 2.4 Spellcasting
 * Level 2.8 Transmutations
 * Level 0.1 Poison Magic


You had 3 spell levels left.
You knew the following spells:

 Your Spells              Type           Power      Damage    Failure   Level
a - Beastly Appendage     Tmut           16%        N/A       8%          1
b - Spider Form           Tmut/Pois      2%         N/A       38%         3

Your spell library contained the following spells:

 Spells                   Type           Power      Damage    Failure   Level
 Wereblood                Tmut           8%         N/A       12%         2
 Magic Dart               Conj           4%         1d3       24%         1
 Searing Ray              Conj           2%         3d3       36%         2
 Dazzling Flash           Conj/Hex       2%         N/A       58%         3
 Ice Form                 Ice/Tmut       5%         N/A       80%         4
 Hydra Form               Tmut           4%         N/A       91%         5
 Fulminant Prism          Conj/Hex       0%         3d6       94%         4
 Iskenderun's Mystic Bla  Conj/Tloc      1%         2d3       94%         4


Dungeon Overview and Level Annotations

Branches:
Dungeon (3/15)

Altars:
Fedhas
Okawaru

Annotations:
D:3 Natasha


Innate Abilities, Weirdness & Mutations

You are a tree.
Your roots penetrate the ground, keeping you stationary.
You cannot be teleported.
You are immune to unholy pain and torment.
Your maximum health is greatly increased.
Your equipment is partially melded.
((Your plain brown scales are hard. (AC +5)))
You cannot fit into any form of body armour.
((You are cold-blooded and may be slowed by cold attacks.))


Message History

The wyvern barely misses you.
Natasha wildly gestures.
Natasha shimmers violently.
You hit the wyvern but do no damage. You claw the wyvern, but do no damage.
You tail-slap the wyvern, but do no damage.
The wyvern is heavily wounded.
The wyvern bites you but does no damage.
The rat closely misses you.
There are monsters nearby!
There are monsters nearby!
You barely miss the wyvern. You claw the wyvern, but do no damage.
The wyvern is heavily wounded.
The wyvern barely misses you. The rat barely misses you. The wyvern bites you.
You hit the wyvern but do no damage. Your headbutt misses the wyvern.
The wyvern is heavily wounded.
The rat barely misses you.
The wyvern hisses menacingly.
The wyvern closely misses you.
Natasha hisses.
The wyvern closely misses you.
Casting: Beastly Appendage (safe; 8% risk of failure)
Confirm with . or Enter, or press ? or * to list all spells.
The spell is quite dangerous to cast (38% risk of failure)!
Continue anyway? [Y]es or [N]o only, please.
The spell is quite dangerous to cast (38% risk of failure)!
Continue anyway?
You miscast Spider Form.
You are very lightly contaminated with residual magic.
You feel rather nauseous for a moment.
You are poisoned.
You feel sick. The wyvern bites you. The wyvern bites you!!
Ouch! That really hurt!
* * * LOW HITPOINT WARNING * * *
Really quaff the potion of lignification?
Your horns disappear.
Your talons disappear.
You turn into a tree.
Your roots penetrate the ground.
You feel sick. The wyvern completely misses you.
You smack the wyvern!
The wyvern is almost dead.
You feel sick. The wyvern bites you.
You die...

,,,,,,,,,,,.......,,,,,,,,,,<,,,,
,,,,,*,,,.,,.....#######*,,,*****
,,*,,*,,*#.##...........*,,,*,,,,
,,*,,*,,,...............*,,,*,***
,,*,,,,,,#....5.........,..######
***,**,*,#.....5r.......,..#.....
* *,,*,*,*,**,*#h#*******#.#.....
***,,*,*,*,**,*#l# #.#.....
,,,,,*,*,*,**,*#♣# #.#.....
***,,,,*,*,**,*#.# ### #.#....#
,,,,,,,*,*,**,*#.# #.####.#....#
***,,,,*,*,**,*#.# #.#....'.....
***,,*,*,*,**,*#.# #......#....#
,**,,*,*,*,**,*#.####.#.##.#....#
,**,,*,*,*,**,*#...........#.....
,**,,*,*,*,**,*######......#.....
,**,,,,,,*,,,,* #......#.....


You could see a wyvern, Natasha, a crimson imp (summoned) and a rat.

Vanquished Creatures
  Natasha (D:3)
  An adder (D:2)
  A worm (D:2)
  An orc (D:3)
  4 bats
  5 endoplasms
  3 giant cockroaches
  A goblin (D:1)
  3 hobgoblins
  6 jackals (D:1)
  5 kobolds
  A quokka (D:1)
  3 ball pythons
  5 frilled lizards
  4 rats
44 creatures vanquished.

Notes
Turn   | Place    | Note
-------+----------+-------------------------------------------
     0 | D:1      | kae the Draconian Transmuter began the quest for the Orb.
     0 | D:1      | Reached XP level 1. HP: 16/16 MP: 3/3
   264 | D:1      | Reached XP level 2. HP: 10/23 MP: 5/5
   956 | D:1      | Found a faded altar of an unknown god.
   985 | D:1      | Reached XP level 3. HP: 23/28 MP: 4/6
  1989 | D:2      | Found a blossoming altar of Fedhas.
  2644 | D:3      | Noticed Natasha
  2652 | D:3      | Killed Natasha
  2653 | D:3      | Reached XP level 4. HP: 19/36 MP: 7/7
  2819 | D:3      | Learned a level 3 spell: Spider Form
  2877 | D:3      | Found an iron altar of Okawaru.
  2977 | D:3      | Noticed Natasha
  2978 | D:3      | Noticed a wyvern
  2989 | D:3      | Slain by a wyvern

Illustrated notes

Levels and vault maps discovered:
D:1:      psy_arrival_spokes, layout_basic, ebering_ecumenical_altar_webs,
          minmay_misc_feat_pillars
D:2:      layout_basic, basic_altar
D:3:      layout_basic, old_standard_altar, amethyst_overflow_temple_binary,
          kennysheep_generic_room_2, uniq_natasha

Skill      XL: |  1  2  3 |
---------------+----------+-----
Dodging        | 2 |  2.1
Fighting       | |  1.8
Unarmed Combat | |  3.9
Spellcasting   | |  2.4
Transmutations | |  2.8
Poison Magic   | |  0.1

Action                   |  1- 3 |  4- 6 || total
-------------------------+-------+-------++-------
Melee: Unarmed           |    97 |    20 ||   117
       Kick              |    12 |     6 ||    18
       Tailslap          |    10 |     2 ||    12
       Headbutt          |     5 |     4 ||     9
       Punch             |     2 |       ||     2
 Cast: Beastly Appendage |    23 |     3 ||    26
  Use: Scroll            |     8 |       ||     8
       Potion            |       |     1 ||     1
 Stab: Sleeping          |     2 |       ||     2
Armor: Skin              |    44 |     4 ||    48
Dodge: Dodged            |    92 |    21 ||   113

Table legend: (Time is in decaauts)
 A = Elapsed time spent in this place.
 B = Non-inter-level travel time spent in this place.
 C = Inter-level travel time spent in this place.
 D = Time resting spent in this place.
 E = Time spent auto-exploring this place.
 F = Levels seen in this place.
 G = Mean time per level.
                   A        B        C        D        E       F      G
               +--------+--------+--------+--------+--------+-----+--------+
         Total |   2986 |   2908 |     78 |      3 |   2583 |   3 |  995.3 |
       Dungeon |   2986 |   2908 |     78 |      3 |   2583 |   3 |  995.3 |
               +--------+--------+--------+--------+--------+-----+--------+

Top non-repeatable levels by time:
     D:1: 1754 daAuts
     D:2: 859 daAuts
     D:3: 372 daAuts
